 Dungeon Crawl Stone Soup version 0.29-a0-911-g88e6f02907 (webtiles) character file.

Game seed: 17102655774573500695

6902 mcwallace the Thaumaturge (level 10, -7/54 HPs)
             Began as a Deep Elf Ice Elementalist on July 26, 2022.
             Was a Follower of Hepliaklqana.
             Mangled by an elephant (10 damage)
             ... on level 9 of the Dungeon.
             The game lasted 00:36:17 (8556 turns).

mcwallace the Thaumaturge (DEIE)                    Turns: 8556, Time: 00:36:17

Health: -7/54      AC:  9    Str:  5    XL:     10   Next: 79%
Magic:  29/35      EV: 14    Int: 25    God:    Hepliaklqana [*.....]
Gold:   493        SH:  0    Dex: 15    Spells: 10/29 levels left

rFire   . . .      SeeInvis .   f - +5 spear (freeze) {polearm}
rCold   . . .      Faith    .   (no shield)
rNeg    . . .      Spirit   .   s - +0 acid dragon scales
rPois   .          Reflect  .   Q - +0 helmet
rElec   .          Harm     .   j - +0 cloak
rCorr   +          Rampage  .   u - +0 pair of gloves
Will    +....                   (no boots)
Stlth   ++........              p - amulet of regeneration {@e2}
HPRegen 0.98/turn               T - ring of wizardry
MPRegen 0.24/turn               k - ring of magical power

@: no status effects
A: reduced essence
a: Renounce Religion, Recall Ancestor, Ancestor Identity


You were on level 9 of the Dungeon.
You worshipped Hepliaklqana.
Hepliaklqana was aware of your devotion.
You visited 3 branches of the dungeon, and saw 11 of its levels.
You also visited: Ossuary.

You collected 493 gold pieces.


   Skills:
 + Level 6.0 Fighting
 + Level 0.4 Armour
 + Level 9.2 Dodging
 - Level 2.4 Stealth
 + Level 10.2 Spellcasting
 + Level 8.0 Summonings
 + Level 9.3 Ice Magic


You had 10 spell levels left.
You knew the following spells:

 Your Spells              Type           Power      Damage    Failure   Level
a - Freeze                Ice            100%       1d11      1%          1
b - Frozen Ramparts       Ice            100%       1d12      1%          3
c - Summon Ice Beast      Ice/Summ       54%        N/A       1%          4
d - Ozocubu's Armour      Ice            56%        N/A       1%          3
e - Tukima's Dance        Hex            12%        N/A       13%         3
f - Summon Mana Viper     Hex/Summ       32%        N/A       22%         5

Your spell library contained the following spells:

 Spells                   Type           Power      Damage    Failure   Level
 Hailstorm                Conj/Ice       36%        3d9       6%          4
 Conjure Flame            Conj/Fire      12%        6-21      13%         3
 Ignite Poison            Fire/Tmut/Pois 12%        N/A       13%         3
 Passage of Golubria      Tloc           12%        N/A       38%         4
 Sticky Flame             Conj/Fire      12%        2d4       38%         4
 Yara's Violent Unravell  Hex/Tmut       6%         3d5       71%         5
 Monstrous Menagerie      Summ           26%        N/A       75%         7

Inventory:

Hand Weapons
 e - a +2 mace of draining {mace}
   (You found it on level 4 of the Dungeon)
 f - a +5 spear of freezing (weapon) {polearm}
   (You took it off a wight on level 8 of the Dungeon)
Missiles
 c - 63 stones {throwing}
 y - a throwing net {=f!fthrowing}
 G - 9 poisoned darts (quivered) {throwing}
 I - 5 javelins {throwing}
Armour
 j - a +0 cloak (worn)
   (You found it on level 7 of the Dungeon)
 s - +0 acid dragon scales (worn)
   (You found it on level 9 of the Dungeon)
 u - a +0 pair of gloves (worn)
   (You found it on level 2 of the Dungeon)
 A - a +0 ring mail
   (You found it on level 3 of the Dungeon)
 Q - a +0 helmet (worn)
   (You took it off Robin on level 4 of the Dungeon)
 U - a +0 ring mail
   (You found it on level 4 of the Dungeon)
 W - +0 shadow dragon scales {rare}
   (You found it on level 5 of the Dungeon)
Jewellery
 a - a ring of flight
   (You found it on level 9 of the Dungeon)
 k - a ring of magical power (right hand)
   (You found it on level 6 of the Dungeon)
 p - an amulet of regeneration (around neck) {@e2}
   (You found it on level 2 of the Dungeon)
 r - an amulet of reflection
   (You found it on level 2 of the Dungeon)
 S - a ring of magical power
   (You found it on level 8 of the Dungeon)
 T - a ring of wizardry (left hand)
   (You found it on level 4 of the Dungeon)
Wands
 n - a wand of polymorph (6)
   (You found it on level 9 of the Dungeon)
 D - a wand of iceblast (2)
   (You found it on level 7 of the Dungeon)
 X - a wand of flame (12)
   (You found it on level 9 of the Dungeon)
 Y - a wand of paralysis (5)
   (You found it on level 9 of the Dungeon)
Scrolls
 g - 2 scrolls of poison {!r}
 h - 4 scrolls of magic mapping {!r}
 i - 6 scrolls of teleportation {@r4}
 m - a scroll of silence {unknown}
 o - 2 scrolls of vulnerability {!r!r}
 t - a scroll of enchant weapon {unknown}
 w - a scroll of immolation {unknown}
 B - a scroll of blinking {!r}
 F - a scroll of torment {unknown}
 L - 7 scrolls of noise {!r}
 M - 3 scrolls of enchant armour
 O - 2 scrolls of butterflies
 P - a scroll of summoning {unknown}
 R - a scroll of fear {unknown}
Potions
 b - a potion of magic
 d - 4 potions of mutation {unknown}
 l - 4 potions of heal wounds {@q2}
 q - a potion of attraction {unknown}
 v - a potion of ambrosia {unknown}
 x - 3 potions of cancellation
 z - 3 potions of invisibility
 C - a potion of resistance {unknown}
 E - 2 potions of lignification {unknown}
 H - 5 potions of curing {unknown}
 J - 2 potions of might {unknown}
 K - 10 potions of degeneration {!q@e2}
 N - 2 potions of flight {unknown}
 V - a potion of haste {unknown}
 Z - 2 potions of brilliance {unknown}

Dungeon Overview and Level Annotations

Branches:
Dungeon (9/15) Zot: 26358  Temple (1/1) D:5 Zot: 5906    Lair (1/5) D:9 Zot: 5995
Ossuary (visited)
    Orc: D:9-12

Altars:
Ashenzari
Cheibriados
Dithmenos
Elyvilon
Fedhas
Gozag
Hepliaklqana
Kikubaaqudgha
Makhleb
Nemelex Xobeh
Okawaru
Qazlal
Ru
Sif Muna
Trog
Uskayaw
Vehumet
Xom
Yredelemnul
Zin

Shops:
D:2 [=*

Portals:
Abyss: D:5

Annotations:
D:5 2 transporters, gdog's ghost, amateur GnDe

###### #....# #....#
############# #....#
.....##.....## #....#
.............#########....#
................@.........#
....^.....)......Y.###....##
..............#.#.Y.≈...#..#
..............##..#...#..#.#
..............##.##..P##.#.#
...............#...P.PP..#.#
..)..........#.#≈..P>P..≈#.#
.....##......#.#..P.P.P..#.##
####.#######.#.#.##.P.##.#..#


You could see an elephant (ally target) and a friendly ice beast (summoned).


Message History

Press: ? - help, Dir - move target, f - elephant
Aim: an elephant (ally target) Attack!
Casting: Summon Ice Beast (dangerous; 1% risk of failure)
Confirm with . or Enter, or press ? or * to list all spells.
Okay, then.
Teicuih hits the elephant but does no damage.
Teicuih hits the elephant but does no damage.
The elephant misses Teicuih.
The elephant trunk-slaps Teicuih.
The elephant tramples Teicuih but does no damage.
The elephant trunk-slaps Teicuih.
The elephant closely misses you.
The elephant trunk-slaps you but does no damage.
You climb upwards.
Welcome back to the Dungeon!
Your summoned ally is left behind.
There is a staircase to the Lair here. 😎 MP[+1]
The elephant attacks as you move away! The elephant tramples you!
The elephant completely misses you. 😮 HP[-15]
You take 15 damage, and now have 39/54 hp.
MASSIVE DAMAGE!! (PAUSE) 😮 HP[+1]
The elephant attacks as you move away!
The elephant tramples you but does no damage.
The elephant closely misses you. 😕 HP[+1] MP[+1] 😕 HP[+1]
Casting: Summon Ice Beast (dangerous; 1% risk of failure)
Confirm with . or Enter, or press ? or * to list all spells.
A chill wind blows around you. The elephant tramples you!
You hold your ground!
The elephant trunk-slaps you but does no damage. 😮 HP[-12] MP[-4]
You take 12 damage, and now have 30/54 hp.
MASSIVE DAMAGE!! (PAUSE)
You lost 4 mp, and now have 29/35 mp.
Casting: Summon Ice Beast (dangerous; 1% risk of failure)
Confirm with . or Enter, or press ? or * to list all spells.
Casting: Frozen Ramparts (safe; 1% risk of failure)
Press: ? - help, Dir - look around, f - activate The walls around you are covered in ice.
The wall freezes the elephant.
The elephant tramples you but does no damage.
The elephant trunk-slaps you but does no damage.
Your ice beast hits the elephant but does no damage. 😮 HP[+1] MP[-3]
You lost 3 mp, and now have 26/35 mp.
You hit the elephant. You freeze the elephant.
The wall freezes the elephant.
The elephant tramples you.
* * * LOW HITPOINT WARNING * * *
You hold your ground!
The elephant barely misses you.
Your ice beast hits the elephant but does no damage. 😨 HP[-4] MP[+1]
You take 4 damage, and now have 27/54 hp.
You completely miss the elephant.
The wall freezes the elephant!
The elephant tramples you.
* * * LOW HITPOINT WARNING * * *
You stumble backwards!
The frozen ramparts melt away as you move. 😨 HP[-4]
You take 4 damage, and now have 23/54 hp.
You hit the elephant but do no damage. The elephant barely misses you.
The elephant trunk-slaps you but does no damage.
Your ice beast hits the elephant.
Your ice beast freezes the elephant!! 😨 HP[+1]
You hit the elephant but do no damage. The elephant closely misses you.
The elephant barely misses you.
Your ice beast hits the elephant but does no damage. 😨 HP[+1]
You hit the elephant but do no damage. The elephant misses you.
The elephant closely misses you.
Your ice beast hits the elephant.
Your ice beast freezes the elephant! 😨 HP[+2] MP[+1]
You regained 2 hp, and now have 27/54 hp.
You hit the elephant. You freeze the elephant. The elephant tramples you!
* * * LOW HITPOINT WARNING * * *
You stumble backwards! 😨 HP[-13]
You take 13 damage, and now have 14/54 hp.
MASSIVE DAMAGE!! (PAUSE)
You hit the elephant but do no damage.
The elephant tramples you but does no damage.
The elephant trunk-slaps you but does no damage.
Your ice beast hits the elephant.
Your ice beast freezes the elephant! 😨 HP[+1]
You hit the elephant. You freeze the elephant.
You punch the elephant, but do no damage.
The elephant tramples you!
* * * LOW HITPOINT WARNING * * *
You hold your ground!
The elephant trunk-slaps you.
* * * LOW HITPOINT WARNING * * *
Your ice beast hits the elephant but does no damage. 😱 HP[-13] MP[+1]
You take 13 damage, and now have 2/54 hp.
MASSIVE DAMAGE!! (PAUSE)
Aiming: Throw Flame
Press: ? - help, Q - select action, (/) - cycle Shift-Dir - straight line, f - elephant
Aim: an elephant (almost dead, ally target, 100% to hit)
The puff of flame hits the elephant but does no damage.
The elephant tramples you!
You die...

Skill      XL: |  1  2  3  4  5  6  7  8  9 10 |
---------------+-------------------------------+-----
Dodging        | 3 4 5 6 8 9 |  9.2
Fighting       | 1 2 3 4 5 6 |  6.0
Summonings     | 1 2 3 4 5 6 8 |  8.0
Spellcasting   | 4 5 6 7 9 10 | 10.2
Ice Magic      | 5 6 7 8 9 |  9.3
Armour         | |  0.4
Stealth        | |  2.4

Action                   |  1- 3 |  4- 6 |  7- 9 | 10-12 || total
-------------------------+-------+-------+-------+-------++-------
Melee: Short sword       |    26 |       |       |       ||    26
       Punch             |     1 |       |       |     1 ||     2
       Quarterstaff      |       |    63 |       |       ||    63
       Mace              |       |    20 |   111 |       ||   131
       Spear             |       |       |     5 |    84 ||    89
Throw: Dart              |       |       |     1 |       ||     1
 Cast: Freeze            |    51 |     5 |       |       ||    56
       Frozen Ramparts   |     1 |    12 |    24 |     8 ||    45
       Summon Ice Beast  |       |     6 |    23 |     8 ||    37
       Ozocubu's Armour  |       |     3 |     1 |     1 ||     5
       Tukima's Dance    |       |       |     8 |       ||     8
Evoke: Wand              |       |       |       |     1 ||     1
  Use: Scroll            |       |     5 |     1 |     3 ||     9
       Potion            |       |     3 |     1 |       ||     4
 Stab: Sleeping          |     4 |     6 |       |     3 ||    13
       Distracted        |       |     1 |       |     1 ||     2
Armor: Robe              |     9 |    20 |    33 |     4 ||    66
       Acid dragon scale |       |       |       |    19 ||    19
Dodge: Dodged            |    32 |    87 |    96 |    75 ||   290

Levels and vault maps discovered:
D:1:      dpeg_arrival_signposts, layout_rooms,
          chequers_ecumenical_altar_twisty, minmay_misc_feat_room
D:2:      layout_rooms, serial_shops, nicolae_diamond_shop,
          nicolae_shop_statue_plus, nicolae_square_shop
D:3:      layout_loops_corners
D:4:      layout_basic, mainiacjoe_overflow_cross_hatched,
          chequers_ossuary_entry_cave, minmay_parallelograms, uniq_robin,
          uniq_grinder
D:5:      layout_basic, grunt_temple_overflow_champion_of_chaos,
          overflow_temple_1_default, mainiacjoe_overflow_concentric_impassable,
          minmay_temple_entry_mini_moons, gammafunk_ghost_abyssal_escape
D:6:      layout_loops_ring, mainiacjoe_overflow_alcove_1,
          nicolae_elyvilon_peaceful_grove
D:7:      layout_cave_pools, nicolae_ru_path_of_blood
D:8:      layout_loops_cross, slow_altar_2, nemelex_spade_bored_becter
D:9:      layout_rooms, mainiacjoe_overflow_catwalk, dpeg_oklobed_lair
Temple:   dpeg_three_leaves_temple
Lair:1:   layout_cave_pods, uniq_joseph

Notes
Turn   | Place    | Note
-------+----------+-------------------------------------------
     0 | D:1      | mcwallace the Deep Elf Ice Elementalist began the quest for
                  | the Orb.
     0 | D:1      | Reached XP level 1. HP: 10/10 MP: 6/6
     0 | D:1      | magus.rc [v1.9.6]
   390 | D:1      | Reached XP level 2. HP: 16/16 MP: 8/8
   508 | D:1      | You pick up a book of Beasts and begin reading...
   508 | D:1      | You add the spells Summon Ice Beast, Summon Mana Viper and
                  | Monstrous Menagerie to your library.
   554 | D:1      | Found a faded altar of an unknown god.
   966 | D:2      | Found Qiloypai's Assorted Antiques.
  1090 | D:2      | HP: 1/16 [worm (7)]
  1149 | D:2      | Found Qyf Xeum's Jewellery Emporium.
  1175 | D:2      | Reached XP level 3. HP: 17/20 MP: 6/10
  1179 | D:2      | Learned a level 3 spell: Frozen Ramparts
  1222 | D:2      | Found Vuaffoq's Armour Emporium.
  1259 | D:2      | Reached skill level 3 in Dodging
  1807 | D:3      | You add the spells Tukima's Dance, Passage of Golubria and
                  | Yara's Violent Unravelling to your library.
  2011 | D:3      | Reached skill level 1 in Fighting
  2011 | D:3      | Reached skill level 1 in Summonings
  2086 | D:3      | Noticed a scorpion
  2093 | D:3      | Killed a scorpion
  2094 | D:3      | Reached skill level 4 in Spellcasting
  2094 | D:3      | Reached skill level 5 in Ice Magic
  2094 | D:3      | Reached XP level 4. HP: 17/25 MP: 4/12
  2577 | D:4      | Found a sand-covered staircase.
  2588 | D:4      | Learned a level 4 spell: Summon Ice Beast
  2592 | D:4      | Learned a level 3 spell: Ozocubu's Armour
  2593 | Ossuary  | Entered an ossuary
  2611 | Ossuary  | HP: 6/25 [mummy (19)]
  2614 | Ossuary  | Reached XP level 5. HP: 9/29 MP: 3/13
  2867 | Ossuary  | Reached skill level 2 in Summonings
  3031 | D:4      | Noticed Robin
  3047 | D:4      | Killed Robin
  3456 | D:4      | Reached skill level 4 in Dodging
  3549 | D:4      | Reached XP level 6. HP: 35/35 MP: 9/14
  3609 | D:4      | Reached skill level 2 in Fighting
  3826 | D:4      | Found a broken altar of Ashenzari.
  3965 | D:4      | Noticed Grinder
  3986 | D:4      | Paralysed by Grinder for 5 turns
  4002 | D:4      | Killed Grinder
  4003 | D:4      | Reached skill level 5 in Spellcasting
  4003 | D:4      | Reached skill level 3 in Summonings
  4003 | D:4      | Reached XP level 7. HP: 20/40 MP: 10/17
  4183 | D:5      | Entered Level 5 of the Dungeon
  4194 | D:5      | Found a transporter.
  4199 | D:5      | Found a transporter.
  4217 | D:5      | Noticed gdog's ghost (amateur GnDe)
  4250 | D:5      | Reached skill level 6 in Ice Magic
  4325 | D:5      | Reached skill level 5 in Dodging
  4370 | D:5      | Noticed a yak
  4370 | D:5      | Noticed a yak
  4370 | D:5      | Noticed a yak
  4371 | D:5      | Noticed a yak
  4372 | D:5      | Noticed a yak
  4380 | D:5      | Killed a yak
  4381 | D:5      | Reached skill level 3 in Fighting
  4381 | D:5      | Reached skill level 6 in Spellcasting
  4384 | D:5      | Killed a yak
  4385 | D:5      | Reached skill level 4 in Summonings
  4385 | D:5      | Reached XP level 8. HP: 28/46 MP: 2/19
  4388 | D:5      | Reached skill level 6 in Dodging
  4528 | D:5      | Found a staircase to the Ecumenical Temple.
  4540 | Temple   | Entered the Ecumenical Temple
  4617 | D:5      | Reached skill level 7 in Spellcasting
  4617 | D:5      | Reached skill level 7 in Ice Magic
  4633 | D:5      | Found a glowing silver altar of Zin.
  4667 | D:5      | Found a shimmering blue altar of Sif Muna.
  4727 | D:5      | Found a shimmering altar of Xom.
  4727 | D:5      | Found a burning altar of Makhleb.
  4767 | D:5      | W - +0 shadow dragon scales {rare}
  4827 | D:5      | Reached skill level 5 in Summonings
  5057 | D:5      | Reached skill level 4 in Fighting
  5225 | D:5      | Found a one-way gate to the infinite horrors of the Abyss.
  5579 | D:6      | Reached XP level 9. HP: 52/52 MP: 22/22
  5603 | D:6      | Found a white marble altar of Elyvilon.
  5833 | D:6      | Found a hide-covered altar of Uskayaw.
  6049 | D:6      | Reached skill level 7 in Dodging
  6085 | D:6      | You add the spells Conjure Flame, Ignite Poison and Sticky
                  | Flame to your library.
  6254 | Temple   | Became a worshipper of Hepliaklqana the Forgotten
  6348 | D:7      | Learned a level 3 spell: Tukima's Dance
  6361 | D:7      | Found a sacrificial altar of Ru.
  6378 | D:7      | Reached skill level 8 in Spellcasting
  6415 | D:7      | HP: 13/52 [poisoned by a water moccasin]
  6416 | D:7      | Reached skill level 6 in Summonings
  6420 | D:7      | HP: 12/52 [poisoned by a water moccasin]
  6984 | D:8      | Found a sparkling altar of Nemelex Xobeh.
  7027 | D:8      | Noticed a two-headed ogre
  7039 | D:8      | Killed a two-headed ogre
  7040 | D:8      | Reached skill level 5 in Fighting
  7040 | D:8      | Reached skill level 8 in Ice Magic
  7108 | D:8      | Reached skill level 8 in Dodging
  7114 | D:8      | HP: 13/52 [wight/+4 long sword (12)]
  7247 | D:8      | Reached skill level 9 in Spellcasting
  7314 | D:8      | Reached XP level 10. HP: 58/59 MP: 25/25
  7432 | D:8      | Reached * piety under Hepliaklqana
  7799 | D:8      | Found a snail-covered altar of Cheibriados.
  7931 | D:9      | Reached skill level 7 in Summonings
  8080 | D:9      | Found a staircase to the Lair.
  8108 | D:9      | Reached skill level 9 in Ice Magic
  8118 | D:9      | Reached skill level 9 in Dodging
  8124 | D:9      | Reached skill level 10 in Spellcasting
  8130 | D:9      | Reached skill level 6 in Fighting
  8196 | D:9      | Identified the +1 scale mail of Minor Irritation {Str+2}
  8238 | D:9      | Found a shadowy altar of Dithmenos.
  8287 | D:9      | Reached skill level 8 in Summonings
  8535 | D:9      | Learned a level 5 spell: Summon Mana Viper
  8536 | Lair:1   | Entered Level 1 of the Lair of Beasts
  8536 | Lair:1   | Noticed an elephant
  8536 | Lair:1   | Noticed an elephant
  8536 | Lair:1   | Noticed an elephant
  8537 | Lair:1   | Noticed an elephant
  8555 | D:9      | HP: 6/54 [elephant (10)]
  8555 | D:9      | HP: 2/54 [elephant (4)]
  8556 | D:9      | Mangled by an elephant

Vanquished Creatures
  An unseen horror (D:9)
  Grinder (D:4)
  12 yaks
  An acid dragon (D:9)
  An orc warrior (D:8)
  3 ice beasts
  A phantom (D:6)
  2 centaurs
  A necrophage (D:5)
  A gnoll sergeant (D:7)
  A scorpion (D:3)
  2 wights (D:8)
  5 killer bees (D:9)
  A howler monkey (D:5)
  A crimson imp (D:5)
  2 hounds
  3 jellies
  An orc priest (D:8)
  3 iguanas (D:6)
  3 orc wizards
  2 mummies (Ossuary)
  Robin (D:4)
  4 adders
  2 gnolls (D:7)
  2 white imps
  An ufetubus (D:4)
  2 worms (D:2)
  10 orcs
  A ball python (D:1)
  A bat (D:2)
  7 endoplasms
  2 giant cockroaches
  17 goblins
  6 hobgoblins
  5 jackals
  3 frilled lizards
  A goblin zombie (Ossuary)
  3 hobgoblin zombies (Ossuary)
  4 kobolds
  2 kobold zombies (Ossuary)
  2 orc zombies (Ossuary)
  5 rats
129 creatures vanquished.

Vanquished Creatures (collateral kills)
  A two-headed ogre (D:8)
  6 yaks
  An acid dragon (D:9)
  A water moccasin (D:7)
  2 orc warriors
  3 black bears
  2 ogres (D:5)
  A centaur (D:9)
  A phantom (D:5)
  3 scorpions
  3 wights (D:8)
  A hound (D:4)
  An orc priest (D:6)
  2 orc wizards
  2 mummies (Ossuary)
  2 gnolls (D:7)
  An adder (D:4)
  A worm (D:8)
  5 orcs
  3 jackals (D:4)
42 creatures vanquished.

Vanquished Creatures (others)
  A dancing weapon (D:8)
  3 ancestors (D:9)
  A butterfly (D:6)
  A plant (D:9)
6 creatures vanquished.

Grand Total: 177 creatures vanquished

Table legend:
 A = Non-vault XP
 B = Vault XP
 C = Vault XP percentage of total XP
 D = Non-vault monster count
 E = Vault monster count
 F = Vault count percentage of total count
                 A         B        C        D         E       F
            +---------+---------+-------+---------+---------+-------
      Total |    9406 |     454 |   4.6 |     143 |      28 |  16.4
            +---------+---------+-------+---------+---------+-------
        D:1 |      21 |       0 |   0.0 |      13 |       0 |   0.0
        D:2 |      26 |       0 |   0.0 |      12 |       0 |   0.0
        D:3 |     119 |       0 |   0.0 |      12 |       0 |   0.0
        D:4 |     289 |     319 |  52.5 |      13 |      14 |  51.9
        D:5 |    1786 |      50 |   2.7 |      19 |       1 |   5.0
        D:6 |     648 |       0 |   0.0 |      15 |       0 |   0.0
        D:7 |     874 |       0 |   0.0 |      18 |       0 |   0.0
        D:8 |    1781 |       5 |   0.3 |      18 |       1 |   5.3
        D:9 |    3862 |       0 |   0.0 |      23 |       0 |   0.0
    Ossuary |       0 |      80 | 100.0 |       0 |      12 | 100.0
            +---------+---------+-------+---------+---------+-------

Illustrated notes

Table legend:
 A = Kills in this place as a percentage of kills in entire the game.
 B = Kills by you in this place as a percentage of kills by you in the entire game.
 C = Kills by friends in this place as a percentage of kills by friends in the entire game.
 D = Other kills in this place as a percentage of other kills in the entire game.
 E = Experience gained in this place as a percentage of experience gained in the entire game.
 F = Experience gained in this place divided by the number of levels of this place that you have seen.
                   A       B       C       D       E      F
               +-------+-------+-------+-------+-------+----------------------
         Total | 100.0 | 100.0 | 100.0 |   N/A | 100.0 | 821.7
       Dungeon |  93.0 |  92.2 |  95.2 |   N/A |  99.2 | 1086.7
       Ossuary |   7.0 |   7.8 |   4.8 |   N/A |   0.8 |  80.0
               +-------+-------+-------+-------+-------+----------------------

Table legend: (Time is in decaauts)
 A = Elapsed time spent in this place.
 B = Non-inter-level travel time spent in this place.
 C = Inter-level travel time spent in this place.
 D = Time resting spent in this place.
 E = Time spent auto-exploring this place.
 F = Levels seen in this place.
 G = Mean time per level.
                   A        B        C        D        E       F      G
               +--------+--------+--------+--------+--------+-----+--------+
         Total |   8638 |   8218 |    420 |    108 |   6131 |  12 |  719.8 |
       Dungeon |   8100 |   7705 |    395 |     99 |   6061 |   9 |  900.0 |
        Temple |     93 |     69 |     24 |      0 |      0 |   1 |   93.0 |
          Lair |      4 |      4 |      0 |      0 |      0 |   1 |    4.0 |
       Ossuary |    440 |    440 |      0 |      9 |     70 |   1 |  440.0 |
               +--------+--------+--------+--------+--------+-----+--------+

Top non-repeatable levels by time:
     D:4: 1218 daAuts
     D:5: 1174 daAuts
     D:3: 1013 daAuts
     D:1: 965 daAuts
     D:8: 961 daAuts
     D:6: 921 daAuts
     D:9: 640 daAuts
     D:7: 634 daAuts
     D:2: 572 daAuts
 Ossuary: 440 daAuts
  Temple: 93 daAuts
  Lair:1: 4 daAuts
